AoeStats
← FJL

Arabia

510133226Analyzed
1v1 RM · 3d ago on Sep 29, 2026· 31m 34s· 2 players
Game mode
Random Map
Map size
Tiny (2 player)
Population
200
Speed
Normal
Resources
Standard
Victory
Conquest
Starting age
Dark Age
Ending age
Imperial Age
RankedLock teamsTeams togetherTeam positionsShared explorationLock speedFull tech treeHidden civsTurbo modeCheats
Victory
Defeat
🇲🇽 Bohemians · Mexico
1811
+17
🇦🇷 Turks · Argentina
1830
-17
LittleHog
9:38 Loom
11:58 Feudal Age
15:10 Town Watch
19:13 Castle Age
19:53 Fletching
19:24 Crossbowman
20:48 Bodkin Arrow
22:11 Ballistics
26:02 Chemistry
25:06 Double-Bit Axe
26:40 Bow Saw
FJL
6:22 Loom
9:03 Feudal Age
9:34 Double-Bit Axe
9:59 Double-Bit Axe
21:20 Castle Age
20:40 Horse Collar
21:44 Scale Barding Armor
23:59 Bloodlines
25:17 Husbandry
27:43 Chain Barding Armor
Connection lost

Rejoining the realm…

Still unreachable

The connection could not be restored.

Session expired

The server has moved on; the page needs a fresh start.